 Dungeon Crawl Stone Soup version 0.31-a0-188-g5e087ee2ca (webtiles) character file.

Game seed: 4396394956802525436

1500 qw the Skirmisher (level 8, -2/44 (46) HPs)
             Began as a Deep Elf Hunter on June 22, 2023.
             Was a Follower of Okawaru.
             Slain by a killer bee (3 damage)
             ... on level 6 of the Dungeon.
             The game lasted 00:02:08 (5471 turns).

qw the Skirmisher (Deep Elf Hunter)                 Turns: 5471, Time: 00:02:08

HP:   -2/44 (46)    AC:  9    Str: 10    XL:     8   Next: 52%
MP:   11/11         EV: 12    Int: 15    God:    Okawaru [*.....]
Gold: 125           SH:  0    Dex: 18    Spells: 7/7 levels left

rFire   . . .        Y - +0 orcbow
rCold   . . .        (shield currently unavailable)
rNeg    . . .        l - +2 ring mail {rPois}
rPois   +            (no helmet)
rElec   .            (no cloak)
rCorr   .            h - +1 pair of gloves
SInv    .            (no boots)
Will    .....        (no amulet)
Stlth   +            (no ring)
HPRegen 0.27/turn    (no ring)
MPRegen 0.12/turn

%: no passive effects
@: about to teleport, lightly drained
A: no striking features
a: Renounce Religion, Heroism


You were on level 6 of the Dungeon.
You worshipped Okawaru.
Okawaru was aware of your devotion.
You visited 2 branches of the dungeon, and saw 8 of its levels.

You collected 335 gold pieces.
You spent 210 gold pieces at shops.


   Skills:
 - Level 3.0 Fighting
 + Level 13.0 Ranged Weapons
 - Level 1.2 Armour
 - Level 4.2 Dodging
 - Level 1.2 Stealth
 + Level 2.2 Invocations


You had 7 spell levels left.
You didn't know any spells.
Your spell library was empty.

Inventory:

Hand Weapons
 f - the +9 shortbow "Foanext" {heavy, Fragile Int+3 SInv}
   (You acquired it on level 5 of the Dungeon)

   Int:       It affects your intelligence (+3).
   SInv:      It lets you see invisible.
   Fragile:   It will be destroyed if unequipped.
 Y - a +0 orcbow (weapon)
Armour
 h - a +1 pair of gloves (worn)
 l - a +2 ring mail of poison resistance (worn)
Jewellery
 o - a ring of ice
Scrolls
 j - a scroll of identify
Potions
 a - 2 potions of haste
 c - a potion of resistance
 d - a potion of might
 e - 6 potions of curing
 g - a potion of cancellation {unknown}
 i - a potion of degeneration {unknown}
 k - a potion of invisibility {unknown}
 m - a potion of magic {unknown}

Dungeon Overview and Level Annotations

Branches:
Dungeon (7/15)             Temple (1/1) D:5

Altars:
Ashenzari
Cheibriados
Elyvilon
Fedhas
Gozag
Hepliaklqana
Makhleb
Nemelex Xobeh
Okawaru
Qazlal
Sif Muna
Trog
Uskayaw
Vehumet
Wu Jian
Xom
Yredelemnul
Zin
The Shining One

Shops:
D:4 *:*?(


Message History

You climb downwards.
The yak bellows! x4; The orc wizard shouts!
The killer bee buzzes angrily.
The orc shouts!
You hear a shout! x2
There is a stone staircase leading up here.
There are monsters nearby!
Waypoint 7 assigned to D:7.
You shoot an arrow. The arrow hits the killer bee.
The killer bee is lightly wounded.
You shoot an arrow. The arrow barely misses the killer bee.
The killer bee closely misses you. The killer bee completely misses you.
An orc warrior comes into view. It is wielding a +0 glaive.
The wight closely misses you. The yak gores you but does no damage.
The killer bee stings you but does no damage. x2
The killer bee stings you. x2
The killer bee stings you but does no damage.
5469 ||| STAIRDANCE The killer bee stings you.
The killer bee barely misses you.
The killer bee stings you but does no damage.
The killer bee stings you. The killer bee closely misses you.
The wight hits you from afar with a +0 halberd.
You feel drained. The yak gores you. The yak gores you!
The killer bee misses you. The killer bee closely misses you. x4
You climb upwards.
There is a stone staircase leading down here.
Enter note:
Enter note:
Enter note:
Enter note:
Enter note:
Enter note:
Enter note:
Enter note:
Enter note:
5471 ||| READING scroll of teleportation.
As you read the scroll of teleportation, it crumbles to dust.
You feel strangely unstable. The killer bee barely misses you.
The killer bee stings you.
The killer bee stings you but does no damage.
The yak gores you. The yak closely misses you.
The killer bee barely misses you. The killer bee closely misses you.
The killer bee stings you.
You die...

#### ...###########
#............#
#..#########.# #..### #.#
.....### #.# #########
....>..# #?# #.......#
##.....#####.######.#####.#
..............yy@Y#.# #.#
#....)..##.....yyYy.# #.#
..77.77..###.####.#.# #.#
...7.7..)))......)..#####.#
.7.....7.#.#.####.........#
.77...77...#.# #..###...##
...._....###.# #..# ###.#
.77..[77.# #.####..# #.#
.7.....7.# #....#..# #.#


You could see 2 yaks and 5 killer bees.

Vanquished Creatures
  Grinder (D:3)
  A steam dragon (D:6)
  A black bear (D:5)
  2 ogres
  A phantom (D:4)
  A kobold brigand (D:5)
  A bullfrog (D:6)
  2 scorpions (D:5)
  A howler monkey (D:4)
  A crimson imp (D:3)
  An orc priest (D:5)
  3 iguanas
  A sleepcap (D:5)
  Ijyb (D:5)
  7 orc wizards
  4 adders
  3 gnolls (D:6)
  A shadow imp (D:5)
  A white imp (D:5)
  A worm (D:4)
  4 dart slugs
  20 orcs
  6 bats
  8 endoplasms
  2 giant cockroaches (D:2)
  4 goblins
  7 hobgoblins
  4 jackals (D:2)
  3 quokkas
  8 ball pythons
  5 frilled lizards
  9 kobolds
  5 rats
120 creatures vanquished.

Notes
Turn   | Place    | Note
-------+----------+-------------------------------------------
     0 | D:1      | qw the Deep Elf Hunter began the quest for the Orb.
     0 | D:1      | Reached XP level 1. HP: 12/12 MP: 3/3
     0 | D:1      | 0 ||| qw: Version: 0.3-a-9-g12657ce
     0 | D:1      | 0 ||| qw: Game counter: 2817
     0 | D:1      | 0 ||| qw: Always use a shield: true
     0 | D:1      | 0 ||| qw: God list: Okawaru
     0 | D:1      | 0 ||| qw: Allow faded altars: false
     0 | D:1      | 0 ||| qw: Do Orc after D:15 true
     0 | D:1      | 0 ||| qw: Do second Lair branch before Depths: true
     0 | D:1      | 0 ||| qw: Lair rune preference: random
     0 | D:1      | 0 ||| qw: Plans: Normal
     0 | D:1      | 0 ||| PLANNING D:1-11
   205 | D:1      | Reached XP level 2. HP: 16/16 MP: 4/4
   238 | D:1      | Reached skill level 6 in Ranged Weapons
   842 | D:1      | 842 ||| DROPPING amulet of magic regeneration.
   843 | D:1      | 843 ||| READING 2 scrolls labelled FAQUTU IKUTE.
   844 | D:1      | 844 ||| READING 2 scrolls labelled JYHABI OTTI.
   845 | D:1      | 845 ||| READING scroll labelled EQIGEI VOOF.
   846 | D:1      | 846 ||| READING 2 scrolls labelled PYESTR BUTU.
   847 | D:1      | 847 ||| DROPPING scroll of noise.
   848 | D:1      | 848 ||| DROPPING scroll of butterflies.
   849 | D:1      | 849 ||| DROPPING scroll of immolation.
   892 | D:2      | Reached XP level 3. HP: 20/20 MP: 5/5
  1139 | D:2      | Reached skill level 7 in Ranged Weapons
  1433 | D:2      | 1433 ||| UPGRADING to +0 ring mail.
  1443 | D:2      | 1443 ||| DROPPING +0 leather armour.
  1444 | D:2      | 1444 ||| UPGRADING to +0 pair of gloves.
  1449 | D:2      | 1449 ||| READING scroll of enchant armour.
  1449 | D:2      | 1449 ||| ENCHANTING +0 pair of gloves.
  1450 | D:2      | 1450 ||| READING scroll labelled ZEKOC IBROMO.
  1453 | D:2      | 1453 ||| READING scroll labelled JIECY MAYCVELLIO.
  1454 | D:2      | 1454 ||| READING scroll labelled GOSHETOOFEU.
  1751 | D:3      | Reached XP level 4. HP: 25/25 MP: 6/6
  2115 | D:3      | Found a burning altar of Makhleb.
  2115 | D:3      | Found a radiant altar of Vehumet.
  2125 | D:3      | Reached skill level 8 in Ranged Weapons
  2295 | D:3      | Identified the +7 quarterstaff of Nypnec {freeze, Dex+3}
  2346 | D:3      | 2346 ||| READING scroll labelled NORONO BAAGASE.
  2347 | D:3      | 2347 ||| READING scroll labelled MASMISSARAI.
  2348 | D:3      | 2348 ||| DRINKING 2 lumpy silvery potions.
  2372 | D:3      | 2372 ||| DROPPING potion of lignification.
  2391 | D:4      | Noticed Grinder
  2395 | D:4      | Reached XP level 5. HP: 28/29 MP: 7/7
  2396 | D:4      | 2396 ||| STAIRDANCE
  2426 | D:4      | Paralysed by Grinder for 4 turns
  2430 | D:4      | 2430 ||| STAIRDANCE
  2432 | D:4      | 2432 ||| STAIRDANCE
  2478 | D:4      | 2478 ||| STAIRDANCE
  2481 | D:3      | Killed Grinder
  2482 | D:3      | Reached skill level 10 in Ranged Weapons
  2482 | D:3      | Reached XP level 6. HP: 26/34 MP: 8/8
  2686 | D:4      | Found Muduohe's Assorted Antiques.
  2697 | D:4      | 2697 ||| BUYING inky potion (21 gold).
  2697 | D:4      | Bought an inky potion for 21 gold pieces
  2697 | D:4      | 2697 ||| BUYING jewelled brass wand (96 gold).
  2697 | D:4      | Bought a jewelled brass wand for 96 gold pieces
  2697 | D:4      | 2697 ||| BUYING metallic silvery potion (21 gold).
  2697 | D:4      | Bought a metallic silvery potion for 21 gold pieces
  2697 | D:4      | 2697 ||| BUYING scroll of identify (48 gold).
  2697 | D:4      | Bought a scroll of identify for 48 gold pieces
  2723 | D:4      | Found Ocaduriz's Magic Scroll Shop.
  2724 | D:4      | Found Avaylamu's General Store.
  2726 | D:4      | Found Wucsory's Antique Weapon Shoppe.
  2729 | D:4      | 2729 ||| SHOPLISTING +0 helmet of Lirashuihi {rPois MP+9
                  | Slay-4} (195 gold, have 37).
  2729 | D:4      | 2729 ||| SHOPLISTING +0 ring mail of positive energy (88
                  | gold, have 37).
  2734 | D:4      | 2734 ||| SHOPLISTING ancient sling (175 gold, have 37).
  2739 | D:4      | 2739 ||| BUYING scroll of identify (24 gold).
  2739 | D:4      | Bought a scroll of identify for 24 gold pieces
  2739 | D:4      | 2739 ||| SHOPLISTING scroll of identify (24 gold, have 13).
  2912 | D:4      | Found a snail-covered altar of Cheibriados.
  2985 | D:4      | Found Gouph's Vocational Training.
  3049 | D:4      | Reached skill level 3 in Dodging
  3088 | D:4      | Found a hazy altar of Hepliaklqana.
  3365 | D:4      | 3365 ||| UPGRADING to +2 ring mail of poison resistance.
  3375 | D:4      | 3375 ||| DROPPING +0 ring mail.
  3376 | D:4      | 3376 ||| DRINKING 2 white potions.
  3377 | D:4      | 3377 ||| DRINKING 3 metallic silvery potions.
  3378 | D:4      | 3378 ||| READING 2 scrolls of identify.
  3378 | D:4      | 3378 ||| IDENTIFYING inky potion
  3379 | D:4      | 3379 ||| DROPPING wand of charming (5).
  3396 | D:5      | Entered Level 5 of the Dungeon
  3396 | D:5      | Noticed Ijyb
  3404 | D:5      | 3404 ||| STAIRDANCE
  3414 | D:4      | Reached XP level 7. HP: 21/40 MP: 9/9
  3501 | D:5      | Reached skill level 1 in Armour
  3511 | D:5      | Killed Ijyb
  3630 | D:5      | Reached skill level 11 in Ranged Weapons
  3643 | D:5      | 3643 ||| Stepping ~*~*~tactically~*~*~ (outnumbered).
  3660 | D:5      | HP: 10/40 [orc priest/nerve-wracking pain (2)]
  3661 | D:5      | 3661 ||| READING scroll of teleportation.
  3773 | D:5      | Found a staircase to the Ecumenical Temple.
  3774 | D:5      | 3774 ||| PLANNING TEMPLE
  3796 | Temple   | Entered the Ecumenical Temple
  3864 | Temple   | 3864 ||| PLANNING OKAWARU WORSHIP
  3958 | Temple   | Became a worshipper of Warmaster Okawaru
  3959 | Temple   | 3959 ||| PLANNING D:1-11
  3995 | D:5      | Found a stormy altar of Qazlal.
  4271 | D:5      | 4271 ||| Stepping ~*~*~tactically~*~*~ (outnumbered).
  4274 | D:5      | 4274 ||| FLEEEEING.
  4275 | D:5      | 4275 ||| FLEEEEING.
  4287 | D:5      | 4287 ||| FLEEEEING.
  4288 | D:5      | 4288 ||| FLEEEEING.
  4289 | D:5      | 4289 ||| FLEEEEING.
  4290 | D:5      | 4290 ||| FLEEEEING.
  4291 | D:5      | 4291 ||| FLEEEEING.
  4292 | D:5      | 4292 ||| FLEEEEING.
  4293 | D:5      | 4293 ||| FLEEEEING.
  4294 | D:5      | 4294 ||| FLEEEEING.
  4295 | D:5      | 4295 ||| FLEEEEING.
  4296 | D:5      | 4296 ||| FLEEEEING.
  4297 | D:5      | 4297 ||| FLEEEEING.
  4298 | D:5      | 4298 ||| FLEEEEING.
  4299 | D:5      | 4299 ||| FLEEEEING.
  4300 | D:5      | 4300 ||| FLEEEEING.
  4301 | D:5      | 4301 ||| FLEEEEING.
  4302 | D:5      | 4302 ||| FLEEEEING.
  4309 | D:5      | Reached skill level 12 in Ranged Weapons
  4340 | D:5      | 4340 ||| SWAPPING to +0 orcbow.
  4341 | D:5      | 4341 ||| DROPPING +0 shortbow of draining.
  4454 | D:5      | Reached XP level 8. HP: 39/45 MP: 10/10
  4531 | D:5      | 4531 ||| READING scroll labelled FITAISESTUS.
  4532 | D:5      | 4532 ||| READING scroll labelled GEIVICHIVI.
  4532 | D:5      | Identified a scroll of acquirement
  4532 | D:5      | 4532 ||| ACQUIRING +9 shortbow "Foanext" {heavy, Fragile
                  | Int+3 SInv}
  4532 | D:5      | Acquired the +9 shortbow "Foanext" {heavy, Fragile Int+3
                  | SInv}
  4534 | D:5      | 4534 ||| READING scroll labelled VIREPS GIOXT.
  4549 | D:6      | 4549 ||| STAIRDANCE
  4553 | D:5      | Reached skill level 3 in Fighting
  4596 | D:6      | 4596 ||| STAIRDANCE
  4604 | D:5      | HP: 11/46 [kobold/+0 club (1)]
  4605 | D:5      | 4605 ||| DRINKING potion of heal wounds.
  4672 | D:6      | 4672 ||| STAIRDANCE
  4675 | D:5      | Reached * piety under Okawaru
  4703 | D:6      | 4703 ||| STAIRDANCE
  4708 | D:5      | 4708 ||| INVOKING Heroism.
  4882 | D:6      | 4882 ||| Stepping ~*~*~tactically~*~*~ (cloud).
  5028 | D:6      | 5028 ||| INVOKING Heroism.
  5035 | D:6      | Reached skill level 1 in Invocations
  5087 | D:6      | Found a blossoming altar of Fedhas.
  5100 | D:6      | Found a white marble altar of Elyvilon.
  5280 | D:6      | Found a sparkling altar of Nemelex Xobeh.
  5331 | D:6      | 5331 ||| INVOKING Heroism.
  5418 | D:6      | Reached skill level 13 in Ranged Weapons
  5443 | D:6      | 5443 ||| READING 2 scrolls of identify.
  5443 | D:6      | 5443 ||| IDENTIFYING fuming yellow potion
  5469 | D:7      | 5469 ||| STAIRDANCE
  5469 | D:7      | HP: 9/44 [yak (13)]
  5471 | D:6      | 5471 ||| READING scroll of teleportation.
  5471 | D:6      | HP: 1/44 [yak (6)]
  5471 | D:6      | Slain by a killer bee

Levels and vault maps discovered:
D:1:      arrival_zaba_pyramid, layout_loops_corners, minmay_shallow_snake_nest
D:2:      layout_loops_cross
D:3:      layout_basic, grunt_temple_overflow_lords_of_destruction,
          interstate_on_off, minmay_fractal_squares_diagonal_5
D:4:      layout_cave_pods, worldfamousw_hep_ancestral_shrine,
          kennysheep_slug_shrine, serial_shops, shop, shop,
          nicolae_shop_advertising_works [nicolae_subvault_shop_adworks], shop,
          serial_park, serial_park_tiny_pond, serial_park_gazebo
          [serial_park_minivault_5x5_1], serial_park_tiny_2,
          nicolae_shop_vocational, uniq_grinder
D:5:      layout_gridville, nicolae_qazlal_eye_of_the_storm, minivault_4,
          serial_bayou_lake_a, uniq_ijyb
D:6:      layout_loops_ring, mainiacjoe_overflow_small_starburst,
          mainiacjoe_overflow_big_doors
D:7:      layout_loops_ring, serial_bayou_ford_a, grunt_ministairs_9,
          minmay_door_square, uniq_menkaure
Temple:   nicolae_temple_bog_church

Skill      XL: |  1  2  3  4  5  6  7  8 |
---------------+-------------------------+-----
Ranged Weapons | 6 7 8 10 12 13 | 13.0
Fighting       | 2 3 |  3.0
Dodging        | 3 4 |  4.2
Armour         | 1 |  1.2
Invocations    | 2 |  2.2
Stealth        | |  1.2

Action                     |  1- 3 |  4- 6 |  7- 9 || total
---------------------------+-------+-------+-------++-------
   Fire: Shortbow          |   110 |   104 |    88 ||   302
         Orcbow            |       |       |    91 ||    91
 Invoke: Heroism           |       |       |     3 ||     3
    Use: Scroll            |     8 |     3 |     6 ||    17
         Potion            |       |     3 |     1 ||     4
 Armour: Leather armour    |    10 |       |       ||    10
         Ring mail         |       |    17 |    55 ||    72
  Dodge: Dodged            |    21 |    28 |    94 ||   143

Table legend:
 A = Non-vault XP
 B = Vault XP
 C = Vault XP percentage of total XP
 D = Non-vault monster count
 E = Vault monster count
 F = Vault count percentage of total count
                 A         B        C        D         E       F
            +---------+---------+-------+---------+---------+-------
      Total |    1744 |     400 |  18.7 |     106 |      14 |  11.7
            +---------+---------+-------+---------+---------+-------
        D:1 |      31 |       5 |  13.9 |      21 |       3 |  12.5
        D:2 |      42 |       0 |   0.0 |      24 |       0 |   0.0
        D:3 |      52 |     355 |  87.2 |       5 |       9 |  64.3
        D:4 |     273 |       4 |   1.4 |      14 |       1 |   6.7
        D:5 |     886 |      36 |   3.9 |      31 |       1 |   3.1
        D:6 |     460 |       0 |   0.0 |      11 |       0 |   0.0
            +---------+---------+-------+---------+---------+-------
